 Dungeon Crawl Stone Soup version 0.30-a0-883-g5ad918d77d (webtiles) character file.

Game seed: 15668072440075269405

3289 CrazyBamboolord the Martial Artist (level 10, 0/74 HPs)
             Began as a Merfolk Transmuter on Mar 17, 2023.
             Succumbed to a killer bee's poison
             ... on level 9 of the Dungeon.
             The game lasted 00:24:03 (11203 turns).

CrazyBamboolord the Martial Artist (MfTm)          Turns: 11203, Time: 00:24:04

Health: 0/74       AC:  6    Str: 13    XL:     10   Next: 1%
Magic:  17/17      EV: 14    Int: 15    God:
Gold:   500        SH:  0    Dex: 14    Spells: 7/19 levels left

rFire   + . .      SeeInvis .      - Unarmed
rCold   + . .      Faith    .    (no shield)
rNeg    . . .      Spirit   .    n - +2 leather armour {rF+}
rPois   .          Reflect  .    (helmet currently unavailable)
rElec   .          Rampage  .    o - +0 cloak
rCorr   .                        (no gloves)
Will    .....                    r - melded +0 pair of boots
Stlth   ++                       (no amulet)
HPRegen 0.32/turn                j - ring of protection from cold
MPRegen 0.15/turn                (no ring)

@: lethally poisoned (0 -> -8), appendages
A: horns 2, (nimble swimmer 2), mertail
a: End Transformation


You were on level 9 of the Dungeon.
You had temporarily grown beastly horns.
You visited 2 branches of the dungeon, and saw 10 of its levels.
You also visited: Sewer.

You collected 500 gold pieces.

Inventory:

Armour
 a - a +0 robe
 n - a +2 leather armour of fire resistance (worn)
 o - a +0 cloak (worn)
 r - a +0 pair of boots (melded)
Jewellery
 j - a ring of protection from cold (left hand)
Wands
 f - a wand of paralysis (7)
 k - a wand of flame (36)
 v - a wand of iceblast (30)
Scrolls
 c - a scroll of silence
 e - 2 scrolls of amnesia
 m - a scroll of acquirement {unknown}
 t - a scroll of enchant weapon
 u - 2 scrolls of fear {unknown}
 w - a scroll of teleportation
 x - 3 scrolls of enchant armour {unknown}
Potions
 b - 2 potions of lignification
 d - 3 potions of degeneration
 g - 3 potions of brilliance
 h - 3 potions of flight
 l - a potion of mutation
 p - a potion of berserk rage {unknown}
 q - a potion of curing
 s - 2 potions of attraction {unknown}


   Skills:
 * Level 5.0 Fighting
 * Level 7.0 Dodging
 + Level 1.8 Stealth
 * Level 9.6 Unarmed Combat
 * Level 5.1 Spellcasting
 * Level 6.7 Transmutations
 * Level 2.5 Ice Magic
 * Level 4.1 Poison Magic


You had 7 spell levels left.
You knew the following spells:

 Your Spells              Type           Power      Damage    Failure   Level
a - Beastly Appendage     Tmut           48%        N/A       1%          1
b - Wereblood             Tmut           24%        N/A       1%          2
c - Spider Form           Tmut/Pois      20%        N/A       6%          3
d - Ice Form              Ice/Tmut       17%        N/A       30%         4
e - Passwall              Tmut/Erth      10%        N/A       8%          2

Your spell library contained the following spells:

 Spells                   Type           Power      Damage    Failure   Level
 Ensorcelled Hibernation  Hex/Ice        14%        N/A       19%         2
 Magic Dart               Conj           12%        1d3       21%         1
 Necrotise                Necr           12%        1d4       21%         1
 Sandblast                Erth           6%         2d5       21%         1
 Call Imp                 Summ           3%         N/A       30%         2
 Sublimation of Blood     Necr           3%         N/A       30%         2
 Mephitic Cloud           Conj/Pois/Air  7%         N/A       34%         3
 Stone Arrow              Conj/Erth      6%         3d7       52%         3
 Swiftness                Air            3%         N/A       52%         3
 Vampiric Draining        Necr           3%         2d6       52%         3
 Agony                    Necr           3%         N/A       99%         5
 Summon Hydra             Summ           1%         N/A       100%        7


Dungeon Overview and Level Annotations

Branches:
Dungeon (9/15)             Temple (1/1) D:7            Lair (0/5) D:8
  Sewer (visited)
    Orc: D:9-12

Altars:
Ashenzari
Cheibriados
Elyvilon
Fedhas
Gozag
Kikubaaqudgha
Nemelex Xobeh
Okawaru
Qazlal
Ru
Sif Muna
Trog
Uskayaw
Vehumet
Wu Jian
Yredelemnul
Zin
The Shining One

Shops:
D:1 (   D:4 (   D:5 :

Annotations:
D:3 Sigmund
D:6 exclusions: hornet, vampire mosquito and 1 more exclusion
D:7 Menkaure


Innate Abilities, Weirdness & Mutations

You have temporarily grown beastly horns.
((You are very nimble when in or above water. (Stealth+, EV+, Speed+++)))
Your lower body shifts to a powerful aquatic tail in water.


Message History

The killer bee barely misses you. The killer bee stings you.
The killer bee attacks as you move away!
The killer bee stings you.
The killer bee attacks as you move away!
The killer bee misses you.
You feel sick. The killer bee stings you. The wyvern closely misses you.
The killer bee attacks as you move away!
The killer bee closely misses you.
You feel sick.
You are no longer poisoned.
The wyvern closely misses you. The killer bee barely misses you.
The killer bee stings you.
The killer bee attacks as you move away!
The killer bee stings you.
A killer bee comes into view.
The wyvern bites you! The wyvern misses you.
The wyvern attacks as you move away! The wyvern bites you!
The killer bee stings you.
* * * LOW HITPOINT WARNING * * *
The killer bee closely misses you.
The killer bee attacks as you move away!
The killer bee barely misses you.
The killer bee attacks as you move away!
The killer bee barely misses you.
The killer bee stings you but does no damage.
The killer bee stings you.
* * * LOW HITPOINT WARNING * * *
The wyvern barely misses you.
The killer bee attacks as you move away!
The killer bee closely misses you.
A seven-headed hydra comes into view.
The killer bee stings you!
* * * LOW HITPOINT WARNING * * *
The killer bee stings you.
* * * LOW HITPOINT WARNING * * *
You are lethally poisoned!
The killer bee poisons you!
As you read the scroll labelled KASHYA LAEPH, it crumbles to dust.
You feel aware of your surroundings.
You sensed 2 altars.
It was a scroll of magic mapping.
You die...

..........,* *,*
..z.......,***##************,*
..<.......,,,,...,,,,,,,,,,,,*
#..#######****#..,,,,,,,,,,,,*
#..# #.#***********,*
...#****#######.############.#
....,,,,.....................#
.....,,,........<............#
.....,,,........@............#
.....,,,.......yyl...........#
,,,,,,,,.............).......#
,,,,,,,,............)))......#
********#######......).......#
###############........D.....#
........o.{..................#
.............................#
..................#########..#


You could see a seven-headed hydra (wandering), a wyvern and 2 killer bees.

Vanquished Creatures
  A wraith (D:6)
  2 ice beasts
  A black bear (D:5)
  2 ogres
  3 phantoms
  2 centaurs
  2 kobold brigands
  3 bullfrogs
  3 scorpions
  4 wights (D:9)
  5 killer bees
  7 howler monkeys
  5 hounds
  A sleepcap (D:6)
  7 orc priests
  Crazy Yiuf (D:3)
  A gnoll bouda (D:7)
  2 iguanas
  Natasha (thrice) (D:3)
  10 orc wizards
  7 gnolls
  8 adders
  3 river rats (Sewer)
  3 ufetubi
  A worm (D:4)
  6 dart slugs
  21 orcs
  9 ball pythons
  7 bats
  8 endoplasms
  7 giant cockroaches
  15 goblins
  8 hobgoblins
  A jackal (Sewer)
  2 quokkas
  A frilled lizard (D:2)
  15 kobolds
  6 rats
193 creatures vanquished.

Vanquished Creatures (others)
  An orc (D:4)
  3 plants (D:2)
4 creatures vanquished.

Grand Total: 197 creatures vanquished

Notes
Turn   | Place    | Note
-------+----------+-------------------------------------------
     0 | D:1      | CrazyBamboolord the Merfolk Transmuter began the quest for
                  | the Orb.
     0 | D:1      | Reached XP level 1. HP: 15/15 MP: 3/3
    72 | D:1      | Reached XP level 2. HP: 20/21 MP: 3/5
   209 | D:1      | Found Gisiman's Antique Weapon Shop.
   369 | D:1      | Reached XP level 3. HP: 26/26 MP: 4/6
   372 | D:1      | Learned a level 2 spell: Wereblood
   376 | D:1      | Learned a level 3 spell: Spider Form
  1158 | D:2      | Reached skill level 4 in Unarmed Combat
  1203 | D:2      | Found a snail-covered altar of Cheibriados.
  1422 | D:2      | Reached XP level 4. HP: 20/32 MP: 5/7
  2044 | D:3      | Noticed Natasha
  2050 | D:3      | Killed Natasha
  2069 | D:3      | Noticed an ogre
  2163 | D:3      | Noticed Sigmund
  2167 | D:3      | Reached skill level 1 in Poison Magic
  2197 | D:3      | Found a glowing drain.
  2219 | D:3      | Reached XP level 5. HP: 28/38 MP: 9/9
  2224 | Sewer    | Entered a sewer
  2384 | Sewer    | Noticed a kobold brigand
  2400 | Sewer    | Killed a kobold brigand
  2471 | Sewer    | Found a glowing silver altar of Zin.
  2541 | D:3      | Reached XP level 6. HP: 11/44 MP: 10/10
  2543 | D:3      | Reached skill level 5 in Unarmed Combat
  2815 | D:3      | Noticed Natasha
  2823 | D:3      | Found a basalt altar of Yredelemnul.
  2832 | D:3      | Killed Natasha
  2889 | D:3      | Found a bloodstained altar of Trog.
  2889 | D:3      | Found a snail-covered altar of Cheibriados.
  2927 | D:3      | Noticed Natasha
  2939 | D:3      | Killed Natasha
  3106 | D:3      | Found a faded altar of an unknown god.
  3150 | D:3      | Found a faded altar of an unknown god.
  3154 | D:3      | Found a broken altar of Ashenzari.
  3282 | D:3      | Found a runed translucent door.
  3283 | D:3      | Noticed Crazy Yiuf
  3434 | D:2      | Reached XP level 7. HP: 19/50 MP: 11/11
  3679 | D:3      | Killed Crazy Yiuf
  3861 | D:4      | Reached skill level 6 in Unarmed Combat
  4163 | D:4      | Reached skill level 5 in Transmutations
  4226 | D:4      | Found a radiant altar of Vehumet.
  4283 | D:4      | Reached skill level 5 in Dodging
  4316 | D:4      | Found Araconoe's Weapon Shop.
  4345 | D:4      | Reached XP level 8. HP: 11/57 MP: 13/13
  5022 | D:5      | Entered Level 5 of the Dungeon
  5100 | D:5      | Reached skill level 7 in Unarmed Combat
  5252 | D:5      | Reached skill level 1 in Stealth
  5325 | D:5      | Learned a level 4 spell: Ice Form
  5507 | D:5      | Found Boodohor's Book Emporium.
  6328 | D:6      | Reached skill level 8 in Unarmed Combat
  6391 | D:6      | Reached skill level 1 in Ice Magic
  6403 | D:6      | Reached XP level 9. HP: 64/64 MP: 13/15
  7213 | D:6      | Noticed a hornet
  8227 | D:7      | Found a staircase to the Ecumenical Temple.
  8231 | D:7      | Noticed Menkaure
  8254 | Temple   | Entered the Ecumenical Temple
  8559 | D:7      | Found an opulent altar of Gozag.
  9505 | D:7      | Reached skill level 9 in Unarmed Combat
  9846 | D:7      | Found a shimmering blue altar of Sif Muna.
  9848 | D:7      | Found a white marble altar of Elyvilon.
  9851 | D:7      | Found a blossoming altar of Fedhas.
 10153 | D:8      | Found a staircase to the Lair.
 10271 | D:8      | Found a sacrificial altar of Ru.
 11081 | D:9      | Learned a level 2 spell: Passwall
 11121 | D:9      | Reached skill level 5 in Fighting
 11138 | D:9      | Reached skill level 5 in Spellcasting
 11141 | D:9      | Reached XP level 10. HP: 74/74 MP: 17/17
 11202 | D:9      | Noticed a seven-headed hydra
 11202 | D:9      | HP: 2/74 [killer bee (6)]
 11203 | D:9      | Succumbed to a killer bee's poison

Illustrated notes

Levels and vault maps discovered:
D:1:      enne_arrival_octagon_isle, layout_basic, serial_shops, shop
D:2:      layout_loops_cross, basic_altar, serial_forest,
          infiniplex_forest_end_3, infiniplex_forest_3_way,
          infiniplex_forest_lined_3_way, infiniplex_forest_zigzag_2,
          dk_noncrumbling_2, hangedman_decor_lopped, grunt_decor_fettered
D:3:      layout_rooms, mainiacjoe_overflow_catwalk,
          nicolae_overflow_ecumenical_swirl, amethyst_overflow_temple_binary,
          gup_sewer_entry_glass, shapermc_ecumenical_altar_venn,
          amcnicky_mini_rare_corridor_liquid, uniq_crazy_yiuf_cottage,
          uniq_natasha, uniq_sigmund
D:4:      layout_basic, kennysheep_little_box, serial_shops,
          nicolae_shop_hallway_stairs, nrook_mini_backslash
D:5:      layout_loops_ring, serial_shops, nicolae_take_the_stairs,
          feat_on_display
D:6:      layout_layer_cave, minivault_11, kb_rosetta
D:7:      layout_loops_ring, nicolae_overflow_hidden_temple,
          grunt_gozag_statues, minmay_temple_entry_arrows, enter_bailey_3,
          grunt_ministairs_14, uniq_menkaure
D:8:      layout_gridville, lemuel_doored_altar, lair_entry_dummy,
          kennysheep_small_square
D:9:      layout_long_grid, bloody_makhleb, mainiacjoe_overflow_24_doors,
          uniq_grum
Temple:   hellmonk_temple_forest_ring

Skill      XL: |  1  2  3  4  5  6  7  8  9 |
---------------+----------------------------+-----
Transmutations | 3 4 5 6 |  6.7
Unarmed Combat | 4 5 6 8 9 |  9.6
Dodging        | 3 4 5 7 |  7.0
Poison Magic   | 1 2 3 4 |  4.1
Spellcasting   | 3 4 5 |  5.1
Fighting       | 2 3 5 |  5.0
Stealth        | 1 |  1.8
Ice Magic      | 1 2 |  2.5

Action                     |  1- 3 |  4- 6 |  7- 9 | 10-12 || total
---------------------------+-------+-------+-------+-------++-------
  Melee: Unarmed           |   104 |   147 |   479 |       ||   730
         Headbutt          |    14 |    27 |    78 |       ||   119
         Punch             |     4 |     7 |    16 |       ||    27
         Tailslap          |       |     4 |       |       ||     4
   Cast: Beastly Appendage |    30 |    19 |    45 |     1 ||    95
         Spider Form       |       |       |    10 |       ||    10
         Wereblood         |       |       |     4 |       ||     4
  Evoke: Wand              |       |       |     2 |       ||     2
    Use: Scroll            |     3 |     4 |    14 |     1 ||    22
         Potion            |       |     3 |    10 |       ||    13
   Stab: Sleeping          |       |       |     2 |       ||     2
         Invisible         |       |       |     1 |       ||     1
 Armour: Robe              |    12 |    14 |       |       ||    26
         Skin              |       |     8 |     8 |       ||    16
         Leather armour    |       |       |   129 |     2 ||   131
  Dodge: Dodged            |    59 |   101 |   375 |    23 ||   558

Table legend: (Time is in decaauts)
 A = Elapsed time spent in this place.
 B = Non-inter-level travel time spent in this place.
 C = Inter-level travel time spent in this place.
 D = Time resting spent in this place.
 E = Time spent auto-exploring this place.
 F = Levels seen in this place.
 G = Mean time per level.
                   A        B        C        D        E       F      G
               +--------+--------+--------+--------+--------+-----+--------+
         Total |  11121 |  10422 |    699 |   2226 |   6008 |  11 | 1011.0 |
       Dungeon |  10569 |   9887 |    682 |   2078 |   5750 |   9 | 1174.3 |
        Temple |    275 |    258 |     17 |      0 |    249 |   1 |  275.0 |
         Sewer |    276 |    276 |      0 |    148 |      9 |   1 |  276.0 |
               +--------+--------+--------+--------+--------+-----+--------+

Top non-repeatable levels by time:
     D:6: 2038 daAuts
     D:3: 1329 daAuts
     D:7: 1268 daAuts
     D:5: 1206 daAuts
     D:2: 1178 daAuts
     D:4: 1155 daAuts
     D:1: 1086 daAuts
     D:8: 944 daAuts
     D:9: 362 daAuts
   Sewer: 276 daAuts
  Temple: 275 daAuts
